Map: Ley Lines

Players

VITRyung (Ryung) - Winner!

  • Race: Terran Terran
  • League: Master
  • Spawn Location: 7:00

OpTiMiStC

  • Race: Protoss Protoss
  • League: Master
  • Spawn Location: 1:00

Event: HomeStory Cup XXVII

VOD

Have the link to the VOD?

Description

Time

  • Played on: June 27, 2025, 7:34 a.m.
  • Length: 7:40

All games in this series

Show
View Real Time Build Order
Export as new Build Order

VITRyung Terran - Winner!

Build Orders:  

Get SALT Encoding   

  12  0:00  SCV  
  13  0:12  SCV  
  14  0:17  Supply Depot  
  14  0:24  SCV  
  15  0:38  SCV  
  15  0:39  Barracks  
  16  0:44  Refinery  
  16  0:50  SCV  
  16  0:54  Refinery  
  17  1:02  SCV  
  18  1:14  SCV  
  19  1:26  Orbital Command, Reaper  
  19  1:27  Supply Depot  
  20  1:42  Factory  
  20  1:53  SCV  
  21  1:58  Reaper  
  22  2:05  SCV  
  23  2:16  Command Center  
  23  2:17  SCV  
  24  2:26  Hellion  
  24  2:29  SCV  
  27  2:36  Starport  
  27  2:40  Barracks Reactor  
  27  2:41  SCV  
  28  2:44  Supply Depot  
  28  2:48  Widow Mine  
  30  2:53  SCV  
  31  3:06  SCV  
  31  3:09  Widow Mine  
  34  3:13  Medivac  
  34  3:18  SCV  
  37  3:20  Barracks  
  37  3:21  Marine x2  
  39  3:30  Orbital Command  
  39  3:32  SCV  
  39  3:33  Factory Tech Lab  
  40  3:43  Viking, Marine  
  40  3:45  Marine  
  44  3:49  SCV  
  48  3:56  SCV  
  48  4:03  SCV  
  48  4:08  Supply Depot, SCV  
  47  4:11  Barracks  
  47  4:15  SCV  
  48  4:19  Stimpack  
  48  4:20  Marine x3, SCV  
  48  4:23  Engineering Bay  
  52  4:27  SCV  
  53  4:31  Supply Depot  
  53  4:32  SCV  
  53  4:35  Factory Reactor, Starport Reactor  
  54  4:39  SCV  
  54  4:43  Marine x3  
  54  4:44  SCV  
  59  4:52  Terran Infantry Weapons Level 1  
  59  4:53  Supply Depot  
  59  4:56  SCV x2  
  59  4:57  Supply Depot  
  61  5:05  Marine x3, Barracks Tech Lab  
  64  5:08  SCV x2  
  64  5:13  Refinery  
  66  5:24  Marine, SCV x2  
  66  5:25  Marauder x2, Marine, Combat Shield  
  72  5:30  Supply Depot  
  72  5:33  Medivac x2  
  76  5:36  Widow Mine  
  76  5:37  Refinery  
  76  5:41  Widow Mine  
  80  5:47  Supply Depot  
  80  5:49  Marauder x2, Marine x2  
  86  5:50  Supply Depot  
  86  5:52  SCV x2  
  88  6:01  Widow Mine  
  88  6:02  Widow Mine  
  92  6:05  Medivac  
  93  6:16  Medivac  
  95  6:22  Marauder x2, Marine x2  
  98  6:30  Widow Mine x2  
  102  6:36  Medivac  
  102  6:39  Command Center  
  102  6:40  Supply Depot x2  
  102  6:45  Concussive Shells  
  102  6:49  Marine  
  102  6:50  Marauder, Marine  
  106  7:01  Widow Mine x2  
  111  7:08  Marauder, Marine x2  
  111  7:11  Marauder  
  99  7:27  SCV  
  99  7:28  SCV  
  99  7:29  Barracks x2  
Show
View Real Time Build Order
Export as new Build Order

OpTiMiStC Protoss 

Build Orders: 1 Gate Expand, Oracle Opening 

Get SALT Encoding   

  12  0:00  Probe  
  13  0:12  Probe  
  14  0:17  Pylon  
  14  0:20  Probe  
  15  0:31  Probe  
  16  0:37  Gateway  
  16  0:42  Probe  
  16  0:48  Assimilator  
  17  0:54  Probe  
  18  1:06  Probe  
  19  1:20  Nexus  
  19  1:27  Cybernetics Core  
  19  1:34  Probe  
  20  1:40  Assimilator  
  20  1:43  Pylon  
  20  1:47  Probe  
  21  1:52  Stalker  
  21  2:00  Probe  
  24  2:13  Probe  
  25  2:24  Stargate  
  25  2:25  Probe  
  25  2:29  Probe  
  26  2:32  Stalker  
  29  2:37  Probe x2  
  31  2:45  Warp Gate  
  31  2:47  Shield Battery  
  31  2:49  Probe x2  
  33  3:00  Oracle  
  33  3:02  Probe x2  
  38  3:14  Probe x2  
  38  3:18  Pylon  
  38  3:19  Stalker  
  40  3:26  Probe x2  
  44  3:38  Probe x2  
  46  3:41  Twilight Council  
  46  3:50  Probe x2  
  46  3:52  Gateway  
  46  3:53  Gateway  
  48  4:03  Phoenix  
  48  4:04  Pylon  
  48  4:07  Nexus  
  48  4:11  Charge  
  48  4:15  Probe x2  
  52  4:20  Pylon  
  52  4:28  Probe x2  
  54  4:35  Phoenix  
  56  4:40  Probe  
  56  4:42  Probe  
  56  4:43  Zealot  
  60  4:46  Gateway  
  60  4:47  Gateway  
  60  4:51  Zealot x2  
  64  4:53  Probe  
  64  4:58  Probe  
  66  5:01  Pylon  
  66  5:02  Pylon  
  66  5:05  Probe  
  67  5:10  Probe  
  68  5:14  Phoenix  
  68  5:17  Probe  
  69  5:22  Probe  
  70  5:31  Probe  
  70  5:32  Zealot x3  
  70  5:35  Probe x2  
  78  5:39  Phoenix  
  78  5:40  Gateway  
  81  5:43  Probe  
  82  5:50  Zealot x2  
  82  5:56  Probe  
  82  5:57  Probe  
  88  6:00  Pylon  
  88  6:02  Pylon  
  88  6:03  Pylon x2  
  88  6:12  Zealot x5  
  82  6:30  Probe x2  
  81  6:32  Probe  
  81  6:34  Assimilator  
  81  6:35  Assimilator x3  
  81  6:39  Forge, Robotics Facility, Zealot x6  
  93  6:47  Probe x2  
  95  6:53  Probe  
  96  7:00  Zealot  
  96  7:01  Zealot x5  
  83  7:21  Zealot x6  
Tags
 
Add a new tag
Caveats
  • Supply blocks, unpowered buildings, or Contaminate may cause inaccurate times.
  • Supply counts are checked every 10 seconds.